Map: Catalyst LE

Players

PapaSchlumpf - Winner!

  • Race: Zerg Zerg
  • Spawn Location: 5:00

VOD

Have the link to the VOD?

Description

Time

  • Played on: May 1, 2018, 4:30 a.m.
  • Length: 5:13
Show
View Real Time Build Order
Export as new Build Order

PapaSchlumpf Zerg - Winner!

Build Orders:  

Get SALT Encoding   

  12  0:26  Spawning Pool  
  11  0:31  Drone  
  11  0:37  Drone  
  13  0:43  Drone  
  14  0:57  Overlord  
  14  1:32  Zergling x6  
  14  1:33  Queen  
  19  1:48  Overlord  
  19  2:02  Zergling x2  
  20  2:20  Zergling x2  
  21  2:33  Zergling x2  
  22  2:48  Zergling x2  
  23  3:05  Zergling x2  
  24  3:13  Zergling x2  
  24  3:14  Zergling x4  
  27  3:29  Spine Crawler x2  
  24  3:32  Spine Crawler  
  24  3:33  Zergling x2  
  23  3:53  Zergling x8  
  26  4:10  Zergling x4  
  27  4:31  Zergling x2  
Tags
 
Add a new tag
Caveats
  • Supply blocks, unpowered buildings, or Contaminate may cause inaccurate times.
  • Supply counts are checked every 10 seconds.